 Dungeon Crawl Stone Soup version 0.21-a0-531-gacddea6 (webtiles) character file.

7 KeeTraxx the Insei (level 2, -2/18 HPs)
             Began as an Octopode Transmuter on Dec 13, 2017.
             Slain by a gnoll
             ... wielding a +0 spear
              (9 damage)
             ... on level 1 of the Dungeon.
             The game lasted 00:00:47 (168 turns).

KeeTraxx the Insei (Octopode Transmuter)             Turns: 168, Time: 00:00:48

Health: -2/18      AC:  1    Str:  9    XL:     2   Next: 0%
Magic:  3/5        EV: 13    Int: 15    God:
Gold:   17         SH:  0    Dex: 12    Spells: 4/5 levels left

rFire    . . .     SeeInvis .     - Unarmed
rCold    . . .     Gourm    .   (no shield)
rNeg     . . .     Faith    .   (helmet restricted)
rPois    .         Spirit   .   (no amulet)
rElec    .         Reflect  .   (no ring)
rCorr    .         Harm     .   (no ring)
MR       .....                  (no ring)
Stlth    ++........             (no ring)
HPRegen  0.06/turn              (no ring)
MPRegen  0.09/turn              (no ring)
                                (no ring)
                                (no ring)

@: appendage
A: almost no armour, stealthy swim, amphibious, 8 rings, constrict 8, tentacle
spike 3, camouflage 1, gelatinous body 1
a: End Transformation


You were on level 1 of the Dungeon.
You were not hungry.
One of your tentacles had a temporary spike.
You visited 1 branch of the dungeon, and saw 1 of its levels.

You collected 17 gold pieces.

Inventory:

Missiles
 a - 20 arrows
Scrolls
 d - a scroll of fear {unknown}
 e - a scroll of magic mapping {unknown}
 f - a scroll of noise {unknown}
Potions
 g - a potion of haste {unknown}
Books
 b - a book of Changes

   Spells                             Type                      Level
   a - Beastly Appendage              Transmutation                1
   b - Sticks to Snakes               Transmutation                2
   c - Spider Form                    Transmutation/Poison         3
   d - Ice Form                       Ice/Transmutation            4
   e - Blade Hands                    Transmutation                5
Comestibles
 c - a bread ration


   Skills:
 + Level 1.0 Fighting
 - Level 2.0 Dodging
 + Level 3.4 Unarmed Combat
 + Level 2.1 Spellcasting
 + Level 2.0 Transmutations


You had 4 spell levels left.
You knew the following spells:

 Your Spells              Type           Power        Failure   Level  Hunger
a - Beastly Appendage     Tmut           #.....       10%         1    #......


Dungeon Overview and Level Annotations

Branches:
Dungeon (1/15)

Altars:


Innate Abilities, Weirdness & Mutations

You cannot wear most types of armour.
You are very stealthy in the water. (Stealth+)
You are amphibious.
You can wear up to eight rings at the same time.
You can use your tentacles to constrict eight enemies at once.
Your skin changes colour to match your surroundings (Stealth+).
Your rubbery body absorbs attacks. (AC +1, EV +1)
One of your tentacles bears a large vicious spike.


Message History

You tentacle-slap the gnoll but do no damage.
You grab the gnoll.
You pierce the gnoll.
The gnoll is lightly wounded.
You constrict the gnoll. The gnoll barely misses you.
You tentacle-slap the gnoll but do no damage.
The gnoll is lightly wounded.
You constrict the gnoll. The gnoll hits you with a spear!
You completely miss the gnoll.
The gnoll is moderately wounded.
You constrict the gnoll, but do no damage.
The gnoll closely misses you.
You tentacle-slap the gnoll.
The gnoll is severely wounded.
You constrict the gnoll, but do no damage.
The gnoll hits you with a spear.
You tentacle-slap the gnoll.
The gnoll is severely wounded.
You constrict the gnoll. The gnoll hits you with a spear!
Ouch! That really hurt!
You die...

#.# ### #.# ..##### #.#
..#...## #.#
#......######.####
#.................
######.......##.####...
#...[#g......##.# #..#
#.##.#@.....# #.# #.)#
# #.......## #.# #...
#.##..#.....# #.# #...
♣.#...#...#$###.# ##..
♣...#####........ ....
♣.....#.......... ###..
♣..##.#.....## #. #.#
..... #....#### . #..
♣♣.♣.. ####.# .####..


You could see a gnoll.

Vanquished Creatures
  A dart slug (D:1)
  A giant cockroach (D:1)
  A goblin (D:1)
  A hobgoblin (D:1)
4 creatures vanquished.

Notes
Turn   | Place    | Note
-------+----------+-------------------------------------------
     0 | D:1      | KeeTraxx the Octopode Transmuter began the quest for the Orb.
     0 | D:1      | Reached XP level 1. HP: 13/13 MP: 3/3
   162 | D:1      | Reached XP level 2. HP: 18/18 MP: 3/5
   168 | D:1      | Slain by a gnoll

Vault maps used:
D:1:      scummos_arrival_simple_crosswalls, serial_forest,
          infiniplex_forest_corner_2, infiniplex_forest_corner_1,
          infiniplex_forest_straight_2, infiniplex_forest_lined_room_2,
          infiniplex_forest_end_2, infiniplex_forest_end_1,
          infiniplex_forest_lined_2, infiniplex_forest_clump_medium,
          infiniplex_forest_diagonal, infiniplex_forest_clump_medium,
          minmay_heptomino_l4

Action                   || total
-------------------------++-------
Melee: Unarmed           ||    16
       Constrict         ||     4
       Kick              ||     3
 Cast: Beastly Appendage ||     2
Armor: Skin              ||     1
Dodge: Dodged            ||     5

Table legend:
 A = Spawn XP
 B = Non-spawn XP
 C = Spawn XP percentage of total XP
 D = Spawn monster count
 E = Non-spawn monster count
 F = Spawn count percentage of total count
 G = Total turns spent on level
                    A         B        C        D         E        F      G
               +---------+---------+-------+---------+---------+-------+---------
         Total |       0 |      10 |   0.0 |       0 |       4 |   0.0 |   168
               +---------+---------+-------+---------+---------+-------+---------
           D:1 |       0 |      10 |   0.0 |       0 |       4 |   0.0 |   168
               +---------+---------+-------+---------+---------+-------+---------
